 Dungeon Crawl Stone Soup version 0.30-a0-169-g06f667207d (webtiles) character file.

Game seed: 16991810295950120699

408 qw the Shield-Bearer (level 6, -1/38 HPs)
             Began as a Gargoyle Fighter on Sept 29, 2022.
             Slain by a black bear (6 damage)
             ... on level 4 of the Dungeon.
             The game lasted 00:01:50 (4546 turns).

qw the Shield-Bearer (Gargoyle Fighter)             Turns: 4546, Time: 00:01:50

Health: -1/38      AC: 15    Str: 22    XL:     6   Next: 88%
Magic:  6/6        EV:  6    Int:  8    God:
Gold:   48         SH: 10    Dex:  9    Spells: 5/5 levels left

rFire   . . .      SeeInvis .    o - +0 hand axe (vamp)
rCold   . . .      Faith    .    q - +2 kite shield
rNeg    + . .      Spirit   .    n - +0 chain mail
rPois   inf        Reflect  .    p - +1 helmet
rElec   +          Harm     .    (no cloak)
rCorr   .          Rampage  .    (no gloves)
Will    .....                    (no boots)
Stlth   ..........               h - amulet of the acrobat
HPRegen 0.12/turn                (no ring)
MPRegen 0.10/turn                (no ring)

@: no status effects
A: sickness immunity, AC +4, negative energy resistance 1, electricity
resistance, torment resistance 1, petrification resistance
a: no special abilities


You were on level 4 of the Dungeon.
You visited 1 branch of the dungeon, and saw 4 of its levels.

You collected 97 gold pieces.
You spent 49 gold pieces at shops.


Innate Abilities, Weirdness & Mutations

You are immune to sickness and miasma.
Your stone body is resilient. (AC +4)
You are immune to poison.
You resist negative energy. (rN+)
You are resistant to electric shocks. (rElec)
You are resistant to unholy torment.
You are immune to petrification.


   Skills:
 + Level 3.8 Fighting
 - Level 5.0 Axes
 - Level 1.0 Throwing
 - Level 3.2 Armour
 - Level 5.3 Shields


You had 5 spell levels left.
You didn't know any spells.
Your spell library was empty.

Inventory:

Hand Weapons
 a - a +0 war axe
 c - a +0 flail
 o - a +0 vampiric hand axe (weapon)
Missiles
 e - 5 javelins (quivered)
Armour
 n - a +0 chain mail (worn)
 p - a +1 helmet (worn)
 q - a +2 kite shield (worn)
Jewellery
 h - an amulet of the acrobat (around neck)
 s - an amulet of magic regeneration
Scrolls
 b - a scroll of magic mapping {unknown}
 r - 2 scrolls of identify
Potions
 d - 2 potions of might
 f - a potion of attraction
 g - a potion of cancellation
 i - 2 potions of curing
 j - a potion of mutation {unknown}
 k - a potion of haste {unknown}
 l - a potion of magic {unknown}
 m - a potion of lignification {unknown}

Dungeon Overview and Level Annotations

Branches:
Dungeon (4/15)
 Temple: D:4-7

Altars:
Vehumet

Shops:
D:2 [   D:3 [!


Message History

The black bear bites you!
The black bear claws you but does no damage. x2
You hit the black bear but do no damage.
The black bear is severely wounded.
You block the black bear's attack.
The black bear claws you but does no damage. x2
You block the black bear's attack.
The black bear claws you but does no damage. x2
You hit the black bear.
The black bear is almost dead.
The black bear bites you. You block the black bear's attack.
The black bear barely misses you. You block the black bear's attack.
The black bear claws you but does no damage. x2
You closely miss the black bear.
The black bear is almost dead.
You block the black bear's attack. The black bear claws you. x2
You completely miss the black bear.
The black bear is almost dead.
The black bear bites you. You block the black bear's attack.
The black bear claws you but does no damage.
The black bear bites you! You block the black bear's attack.
The black bear claws you but does no damage.
You closely miss the black bear.
The black bear is almost dead.
The black bear closely misses you. You block the black bear's attack.
The black bear claws you.
The black bear bites you but does no damage.
You block the black bear's attack. The black bear claws you.
You closely miss the black bear.
The black bear is almost dead.
The black bear bites you but does no damage.
You block the black bear's attack. x2
The black bear bites you but does no damage.
The black bear completely misses you. You block the black bear's attack.
You closely miss the black bear.
The black bear is almost dead.
You block the black bear's attack.
The black bear claws you but does no damage. x2
The black bear bites you.
You die...

........###......#.#
.......####........#
...............#.###
_..7777..7777....#
.................#
###.############.#
###.###### #.#
#........# #.#
....>###.## #@#
..........<...rh.#
.....###.#########
..#.## ..#.#
#....... .#######
~~~# .###


You could see a black bear (berserk) and a quokka.

Vanquished Creatures
  A kobold brigand (D:3)
  An iguana (D:4)
  Natasha (thrice) (D:2)
  7 gnolls (D:3)
  6 adders
  4 dart slugs
  3 ball pythons
  13 endoplasms
  3 giant cockroaches
  9 goblins
  11 hobgoblins
  7 jackals
  6 quokkas
  6 bats
  2 frilled lizards (D:2)
  15 kobolds
  3 rats
100 creatures vanquished.

Notes
Turn   | Place    | Note
-------+----------+-------------------------------------------
     0 | D:1      | qw the Gargoyle Fighter began the quest for the Orb.
     0 | D:1      | Reached XP level 1. HP: 14/14 MP: 1/1
     0 | D:1      | 0 ||| qw: Version: 0.2-a-12-gaebbb33
     0 | D:1      | 0 ||| qw: Game counter: 1268
     0 | D:1      | 0 ||| qw: Always use a shield: true
     0 | D:1      | 0 ||| qw: God list: Okawaru
     0 | D:1      | 0 ||| qw: Allow faded altars: false
     0 | D:1      | 0 ||| qw: Do Orc after D:15 true
     0 | D:1      | 0 ||| qw: Do second Lair branch before Depths: true
     0 | D:1      | 0 ||| qw: Lair rune preference: random
     0 | D:1      | 0 ||| qw: Plans: Normal, Zot:1-4, God:TSO, Crypt, Tomb,
                  | Pan, Slime:5, Hells, Abyss, Orb
     0 | D:1      | 0 ||| PLANNING D:1-11
   322 | D:1      | Reached XP level 2. HP: 14/19 MP: 2/2
   570 | D:1      | 570 ||| Stepping ~*~*~tactically~*~*~ (stealth).
   715 | D:1      | 715 ||| Stepping ~*~*~tactically~*~*~ (stealth).
   772 | D:1      | 772 ||| Stepping ~*~*~tactically~*~*~ (stealth).
   780 | D:1      | Reached skill level 3 in Axes
   788 | D:1      | Reached XP level 3. HP: 19/23 MP: 3/3
  1357 | D:1      | Found a faded altar of an unknown god.
  1385 | D:1      | 1385 ||| SWAPPING to +0 vampiric hand axe.
  1511 | D:1      | 1511 ||| Stepping ~*~*~tactically~*~*~ (stealth).
  1512 | D:1      | 1512 ||| Stepping ~*~*~tactically~*~*~ (stealth).
  1704 | D:1      | 1704 ||| UPGRADING to amulet of the acrobat.
  1709 | D:1      | 1709 ||| READING 2 scrolls labelled FER EMELUNI.
  1710 | D:1      | 1710 ||| READING scroll labelled KAOREEMEAWN.
  1711 | D:1      | 1711 ||| READING scroll labelled IGULIY FISSORI.
  1712 | D:1      | 1712 ||| READING scroll labelled ADWEOKLYUZ.
  1713 | D:1      | 1713 ||| DRINKING 2 fuming grey potions.
  1786 | D:2      | Noticed Natasha
  1787 | D:2      | 1787 ||| Stepping ~*~*~tactically~*~*~ (hiding).
  1797 | D:2      | Killed Natasha
  1798 | D:2      | Reached XP level 4. HP: 25/28 MP: 4/4
  1982 | D:2      | 1982 ||| Stepping ~*~*~tactically~*~*~ (hiding).
  2041 | D:2      | Found Poxzut's Armour Shop.
  2058 | D:2      | 2058 ||| BUYING +0 helmet (49 gold).
  2058 | D:2      | Bought a +0 helmet for 49 gold pieces
  2058 | D:2      | 2058 ||| SHOPLISTING +0 pair of gloves (49 gold, have 5).
  2058 | D:2      | 2058 ||| SHOPLISTING +0 plate armour (253 gold, have 5).
  2058 | D:2      | 2058 ||| SHOPLISTING +0 scale mail of fire resistance (121
                  | gold, have 5).
  2085 | D:2      | Noticed Natasha
  2092 | D:2      | Killed Natasha
  2093 | D:2      | Reached XP level 5. HP: 22/32 MP: 5/5
  2114 | D:2      | Noticed Natasha
  2115 | D:2      | 2115 ||| Stepping ~*~*~tactically~*~*~ (stealth).
  2206 | D:2      | 2206 ||| Stepping ~*~*~tactically~*~*~ (stealth).
  2241 | D:2      | 2241 ||| Stepping ~*~*~tactically~*~*~ (stealth).
  2242 | D:2      | 2242 ||| Stepping ~*~*~tactically~*~*~ (stealth).
  2266 | D:2      | Killed Natasha
  2295 | D:2      | 2295 ||| FLEEEEING.
  2298 | D:2      | 2298 ||| Stepping ~*~*~tactically~*~*~ (stealth).
  2327 | D:2      | 2327 ||| Stepping ~*~*~tactically~*~*~ (hiding).
  2329 | D:2      | 2329 ||| Stepping ~*~*~tactically~*~*~ (hiding).
  2582 | D:2      | 2582 ||| UPGRADING to +0 chain mail.
  2592 | D:2      | 2592 ||| DROPPING +0 scale mail.
  2593 | D:2      | 2593 ||| UPGRADING to +0 helmet.
  2598 | D:2      | 2598 ||| UPGRADING to +2 kite shield.
  2608 | D:2      | 2608 ||| DROPPING +0 buckler.
  2609 | D:2      | 2609 ||| READING scroll of enchant armour.
  2609 | D:2      | 2609 ||| ENCHANTING +0 helmet.
  2610 | D:2      | 2610 ||| READING 3 scrolls labelled CAITOO HOAKUO.
  2611 | D:2      | 2611 ||| READING scroll labelled WAQ AMAINUE.
  2612 | D:2      | 2612 ||| READING 2 scrolls of identify.
  2612 | D:2      | 2612 ||| IDENTIFYING glowing dark potion
  2639 | D:3      | 2639 ||| Stepping ~*~*~tactically~*~*~ (stealth).
  2649 | D:3      | 2649 ||| STAIRDANCE
  2669 | D:3      | 2669 ||| STAIRDANCE
  2886 | D:3      | 2886 ||| DROPPING +0 club.
  2887 | D:3      | Found Hin Recy's Antique Armour Boutique.
  2889 | D:3      | 2889 ||| DROPPING +0 whip.
  2897 | D:3      | 2897 ||| SHOPLISTING crystal plate armour (1600 gold, have
                  | 16).
  2897 | D:3      | 2897 ||| SHOPLISTING pair of boots (90 gold, have 16).
  2897 | D:3      | 2897 ||| SHOPLISTING pair of gloves (90 gold, have 16).
  2897 | D:3      | 2897 ||| SHOPLISTING shiny ring mail (140 gold, have 16).
  2930 | D:3      | 2930 ||| Stepping ~*~*~tactically~*~*~ (stealth).
  2974 | D:3      | 2974 ||| Stepping ~*~*~tactically~*~*~ (hiding).
  2975 | D:3      | 2975 ||| Stepping ~*~*~tactically~*~*~ (hiding).
  2976 | D:3      | 2976 ||| Stepping ~*~*~tactically~*~*~ (hiding).
  2979 | D:3      | 2979 ||| Stepping ~*~*~tactically~*~*~ (hiding).
  2980 | D:3      | 2980 ||| Stepping ~*~*~tactically~*~*~ (hiding).
  2985 | D:3      | Reached XP level 6. HP: 10/37 MP: 6/6
  2985 | D:3      | HP: 7/37 [gnoll/+0 club (4)]
  2985 | D:3      | HP: 1/37 [gnoll/+0 spear (6)]
  2986 | D:3      | 2986 ||| DRINKING potion of heal wounds.
  3312 | D:3      | 3312 ||| Stepping ~*~*~tactically~*~*~ (stealth).
  3313 | D:3      | 3313 ||| Stepping ~*~*~tactically~*~*~ (stealth).
  3447 | D:3      | 3447 ||| Stepping ~*~*~tactically~*~*~ (stealth).
  3449 | D:3      | Reached skill level 1 in Throwing
  3984 | D:3      | Found Buor's Distillery.
  3993 | D:3      | 3993 ||| SHOPLISTING 2 potions of attraction (84 gold, have
                  | 32).
  3993 | D:3      | 3993 ||| SHOPLISTING potion of cancellation (112 gold, have
                  | 32).
  3993 | D:3      | 3993 ||| SHOPLISTING potion of curing (42 gold, have 32).
  3993 | D:3      | 3993 ||| SHOPLISTING potion of lignification (42 gold, have
                  | 32).
  4104 | D:3      | 4104 ||| DRINKING 2 sapphire potions.
  4105 | D:3      | 4105 ||| READING 2 scrolls of identify.
  4105 | D:3      | 4105 ||| IDENTIFYING sedimented clear potion
  4106 | D:3      | 4106 ||| DROPPING potion of invisibility.
  4231 | D:4      | 4231 ||| Stepping ~*~*~tactically~*~*~ (hiding).
  4396 | D:4      | 4396 ||| Stepping ~*~*~tactically~*~*~ (stealth).
  4451 | D:4      | Found a radiant altar of Vehumet.
  4526 | D:4      | Noticed a black bear
  4544 | D:4      | HP: 8/38 [black bear (5)]
  4546 | D:4      | Slain by a black bear

Levels and vault maps discovered:
D:1:      heliophobic_arrival_glass_houses, layout_loops_ring,
          hellmonk_ecumenical_altar_defaced_shrine
D:2:      layout_loops_ring, serial_shops, shop, st_stairs_3, uniq_natasha
D:3:      cheibrodos_thug_alley, layout_basic, serial_shops,
          nicolae_shop_statue_plus, nicolae_shop_trees
D:4:      layout_loops_corners, mainiacjoe_overflow_alcove_2,
          mainiacjoe_overflow_boulevard, temple_doors_e,
          chequers_serial_rivers_micro_a, minivault_5, kennysheep_generic_room_2

Skill      XL: |  1  2  3  4  5  6 |
---------------+-------------------+-----
Axes           | 2 3 4 5 |  5.0
Shields        | 4 5 |  5.3
Throwing       | 1 |  1.0
Fighting       | |  3.8
Armour         | |  3.2

Action                   |  1- 3 |  4- 6 || total
-------------------------+-------+-------++-------
Melee: War axe           |    98 |       ||    98
       Hand axe          |    25 |   279 ||   304
Throw: Javelin           |       |    21 ||    21
  Use: Scroll            |     4 |     5 ||     9
       Potion            |     1 |     2 ||     3
Armor: Scale mail        |    63 |    29 ||    92
       Chain mail        |       |    95 ||    95
Dodge: Dodged            |    53 |    93 ||   146
Block: Buckler           |    22 |    19 ||    41
       Kite shield       |       |   114 ||   114

Table legend:
 A = Non-vault XP
 B = Vault XP
 C = Vault XP percentage of total XP
 D = Non-vault monster count
 E = Vault monster count
 F = Vault count percentage of total count
                 A         B        C        D         E       F
            +---------+---------+-------+---------+---------+-------
      Total |     409 |     174 |  29.8 |      84 |      16 |  16.0
            +---------+---------+-------+---------+---------+-------
        D:1 |      54 |       4 |   6.9 |      29 |       2 |   6.5
        D:2 |     153 |      51 |  25.0 |      26 |       3 |  10.3
        D:3 |     155 |     119 |  43.4 |      24 |      11 |  31.4
        D:4 |      47 |       0 |   0.0 |       5 |       0 |   0.0
            +---------+---------+-------+---------+---------+-------
